Map: Iron Fortress LE (Void)

Players

wabbajack - Winner!

  • Race: Terran Terran
  • League: Grandmaster

Cubism

  • Race: Terran Terran
  • League: Grandmaster

VOD

Have the link to the VOD?

Description

Time

  • Played on: July 13, 2015, 12:14 p.m.
  • Length: 8:04
Show
View Real Time Build Order
Export as new Build Order

wabbajack Terran - Winner!

Build Orders:  

Get SALT Encoding   

  12  0:01  SCV  
  13  0:13  SCV  
  14  0:20  Supply Depot  
  14  0:25  SCV  
  15  0:30  Refinery  
  15  0:44  Barracks  
  15  0:56  SCV  
  16  1:05  Refinery  
  16  1:08  SCV  
  17  1:20  SCV  
  18  1:32  Orbital Command  
  18  1:37  Marine  
  19  1:40  Supply Depot  
  19  1:53  Factory  
  19  2:00  SCV  
  20  2:06  Barracks Reactor  
  20  2:13  SCV  
  20  2:15  Supply Depot  
  21  2:25  SCV  
  21  2:51  Marine  
  21  2:52  Marine  
  21  2:58  Starport  
  23  3:00  Armory  
  23  3:06  Factory Tech Lab  
  23  3:08  SCV  
  23  3:09  Marine x2  
  23  3:11  Supply Depot  
  26  3:21  SCV  
  27  3:27  Marine x2  
  27  3:33  SCV  
  30  3:37  Supply Depot  
  27  3:54  Marine x2  
  29  3:56  SCV  
  29  3:58  Thor  
  29  4:01  Medivac  
  38  4:05  Supply Depot  
  38  4:08  SCV  
  39  4:12  Marine x2  
  35  4:28  Bunker  
  35  4:30  Marine x2  
  29  5:37  Thor  
  29  5:38  Medivac  
  37  5:54  Marine x2  
  39  6:08  Command Center  
  38  6:12  Marine x2  
  38  6:17  SCV  
  41  6:29  SCV  
  41  6:30  Marine x2  
  44  7:03  SCV  
  44  7:05  Barracks x2  
  45  7:15  SCV  
  46  7:27  SCV  
  47  7:39  SCV  
Show
View Real Time Build Order
Export as new Build Order

Cubism Terran 

Build Orders:  

Get SALT Encoding   

  12  0:03  SCV  
  13  0:16  Supply Depot  
  13  0:17  SCV  
  14  0:29  SCV  
  15  0:40  Barracks  
  15  0:41  SCV  
  16  0:46  Refinery  
  16  0:53  SCV  
  17  1:05  SCV  
  18  1:18  SCV  
  19  1:25  Barracks  
  19  1:29  Reaper  
  19  1:30  SCV  
  21  1:42  SCV  
  22  1:54  Command Center  
  22  1:57  SCV  
  23  2:08  Supply Depot  
  23  2:23  Orbital Command  
  23  2:29  Reaper x2  
  25  2:55  SCV  
  26  3:01  Reaper x2  
  26  3:02  Command Center  
  28  3:07  SCV  
  29  3:19  SCV, Refinery  
  30  3:31  SCV  
  30  3:43  SCV  
  31  3:55  SCV  
  31  3:59  Barracks Tech Lab  
  32  4:07  SCV  
  33  4:20  SCV  
  33  4:32  SCV  
  34  4:44  SCV  
  30  5:07  Marauder  
  25  5:14  Barracks Tech Lab  
  25  5:15  Concussive Shells  
  24  5:28  Marauder  
  21  5:38  Marauder  
  18  5:50  Marauder  
  18  5:54  SCV  
  18  5:56  SCV x2  
  21  5:59  Marauder  
  23  6:06  SCV  
  23  6:10  Combat Shields  
  26  6:11  Marauder  
  26  6:17  SCV x2  
  28  6:19  SCV  
  28  6:21  Marauder  
  31  6:28  Factory  
  31  6:29  SCV  
  31  6:30  Orbital Command  
  32  6:34  SCV  
  33  6:41  Orbital Command  
  33  6:46  SCV  
  34  6:52  Marauder x2  
  38  6:56  SCV  
  38  6:59  SCV  
  41  7:08  SCV  
  41  7:11  SCV  
  41  7:13  SCV  
  41  7:15  Factory Reactor  
  43  7:18  Starport  
  43  7:20  SCV  
  44  7:23  SCV  
  44  7:24  Refinery x2  
  44  7:25  SCV  
  40  7:32  SCV  
  40  7:35  SCV  
  40  7:37  SCV  
  39  7:44  SCV  
Tags
 
Add a new tag
Caveats
  • Supply blocks, unpowered buildings, or Contaminate may cause inaccurate times.
  • Supply counts are checked every 10 seconds.